 Dungeon Crawl Stone Soup version 0.19-a0-607-g42021f0 (webtiles) character file.

2753 st0uf the Shield-Bearer (level 10, -31/74 HPs)
             Began as a Formicid Fighter on June 12, 2016.
             Was an Initiate of Uskayaw.
             Killed from afar by Erica (38 damage)
             ... with an orb of energy
             ... on level 8 of the Dungeon.
             The game lasted 00:25:50 (6547 turns).

st0uf the Shield-Bearer (Formicid Fighter)          Turns: 6547, Time: 00:25:50

Health: -31/74     AC: 10    Str: 27    XL:     10   Next: 0%
Magic:  14/23      EV: 12    Int: 12    God:    Uskayaw [......]
Gold:   259        SH: 11    Dex: 10    Spells: 0 memorised, 9 levels left

rFire  + . .     SeeInvis +     a - +0 war axe
rCold  . . .     Gourm    .     F - +0 ring mail {rN+}
rNeg   + . .     Faith    .     c - +0 shield
rPois  .         Spirit   .     (helmet unavailable)
rElec  .         Dismiss  .     e - +0 cloak
rCorr  .         Reflect  .     D - +0 pair of gloves "Uvurchud" {Str+4 Int+3}
SustAt .         Harm     .     y - +0 pair of boots
MR     +....                    (no amulet)
Stlth  ..........               I - ring of magical power
                                H - ring of protection from fire

@: somewhat resistant to hostile enchantments, extremely unstealthy
A: permanent stasis, dig shafts and tunnels, four strong arms, antennae 3
a: Dig, Shaft Self, Renounce Religion


You were on level 8 of the Dungeon.
You worshipped Uskayaw.
Uskayaw was noncommittal.
You were very hungry.

You visited 2 branches of the dungeon, and saw 9 of its levels.

You collected 259 gold pieces.

Inventory:

Hand Weapons
 a - a +0 war axe (weapon)
Missiles
 A - 34 sling bullets
Armour
 c - a +0 shield (worn)
 e - a +0 cloak (worn)
 y - a +0 pair of boots (worn)
 D - the +0 pair of gloves "Uvurchud" (worn) {Str+4 Int+3}
   (You found it on level 4 of the Dungeon)

   It affects your strength (+4).
   It affects your intelligence (+3).
 F - a +0 ring mail of positive energy (worn)
Jewellery
 H - a ring of protection from fire (left hand)
 I - a ring of magical power (right hand)
Scrolls
 h - a scroll of amnesia {unknown}
 j - 3 scrolls of remove curse
 m - 2 scrolls of identify
 o - a scroll of noise {unknown}
 r - 3 scrolls of fear {unknown}
 s - a scroll of magic mapping {unknown}
 x - a scroll of immolation {unknown}
 z - 3 scrolls of enchant armour {unknown}
 B - 2 scrolls of blinking {unknown}
 C - a scroll of recharging {unknown}
 E - a scroll of fog {unknown}
 L - 2 scrolls of random uselessness {unknown}
Potions
 d - a potion of might
 k - a potion of flight
 l - a potion of ambrosia {unknown}
 n - a potion of brilliance {unknown}
 p - 3 potions of heal wounds
 u - 3 potions of degeneration {unknown}
 v - 3 potions of curing {unknown}
 w - a potion of haste {unknown}
 J - a potion of magic {unknown}
 K - 2 potions of agility {unknown}
Comestibles
 b - 2 slices of pizza
 f - 4 bread rations
 g - a royal jelly
 i - 5 meat rations
 q - a beef jerky
 t - 17 fruits


   Skills:
 + Level 5.1 Fighting
 * Level 7.1 Axes
 + Level 5.7 Armour
 + Level 4.9 Dodging
 + Level 7.6 Shields
 * Level 6.0 Invocations


You had 9 spell levels left.
You didn't know any spells.

Dungeon Overview and Level Annotations

Branches:
Dungeon (8/15)             Temple (1/1) D:4
   Lair: D:8-11

Altars:
Ashenzari
Cheibriados
Elyvilon
Gozag
Kikubaaqudgha
Makhleb
Okawaru
Pakellas
Uskayaw
Yredelemnul

Annotations:
D:8 Erica


Innate Abilities, Weirdness & Mutations

You are under a permanent stasis effect.
You can dig through walls and to a lower floor.
Your four strong arms can wield two-handed weapons with a shield.
You have a pair of large antennae on your head. (SInv)


Message History

You feel less confused. Erica gestures at you while chanting.
You resist with some effort.
You barely miss Erica.
Erica is severely wounded.
Erica points at you and mumbles some strange words.
The orb of energy hits you!
* * * LOW HITPOINT WARNING * * *
The orb of energy explodes!
You stomp with the beat, sending a shockwave through the revelers around you!
Erica is almost dead.
You feel somewhat more hungry.
You can no longer stomp with the beat.
Erica completely misses you.
You barely miss Erica.
Erica is almost dead.
Erica casts a spell at you. The orb of energy hits you!
Ouch! That really hurt!
You die...

## ... .. #. #.# .#
#.##.###.##
##.........# #.
..........#
#.#.#........#
##........†...#
#....# #..####
#.....##@@...##
...............#
...............##
...............#
..#..............# .
.................#
.. #..............<#
#.##...............#
#....#...........###


You could see Erica (invisible).

Vanquished Creatures
  Prince Ribbit (D:6)
  A hippogriff (D:8)
  Menkaure (D:7)
  Edmund (D:6)
  An orc warrior (D:6)
  A sky beast (D:7)
  An ice beast (D:5)
  A black bear (D:6)
  An ogre (D:5)
  4 centaurs
  A crocodile (D:7)
  3 giant frogs
  A wyvern zombie (D:7)
  4 scorpions
  A centaur zombie (D:8)
  3 crimson imps
  2 giant frog zombies (D:5)
  A quasit (D:6)
  2 orc priests (D:7)
  5 orc wizards
  An iguana (D:4)
  Terence (D:2)
  5 worker ants
  A worker ant zombie (D:6)
  3 gnolls (D:7)
  7 adders
  8 river rats (D:5)
  A shadow imp (D:7)
  An ooze (D:5)
  2 adder skeletons
  3 worms
  2 dart slugs
  6 giant geckos
  26 orcs
  3 giant cockroaches
  4 goblins
  4 hobgoblins
  7 jackals
  3 quokkas
  A ball python (D:1)
  12 bats
  A giant gecko skeleton (D:5)
  A giant gecko zombie (D:7)
  7 giant newts
  9 kobolds
  2 quokka skeletons (D:4)
  28 rats
185 creatures vanquished.

Notes
Turn   | Place    | Note
--------------------------------------------------------------
     0 | D:1      | st0uf the Formicid Fighter began the quest for the Orb.
     0 | D:1      | Reached XP level 1. HP: 18/18 MP: 1/1
   103 | D:1      | Reached XP level 2. HP: 15/24 MP: 2/2
   399 | D:1      | Reached XP level 3. HP: 29/29 MP: 3/3
   579 | D:2      | Noticed Terence
   591 | D:2      | Killed Terence
   591 | D:2      | Reached XP level 4. HP: 23/35 MP: 4/4
   592 | D:2      | Reached skill level 1 in Dodging
  1328 | D:3      | Found a burning altar of Makhleb.
  1429 | D:3      | Reached XP level 5. HP: 42/42 MP: 5/5
  1525 | D:3      | Found an iron altar of Okawaru.
  1540 | D:3      | Found an ancient bone altar of Kikubaaqudgha.
  1542 | D:3      | Found an opulent altar of Gozag.
  1544 | D:3      | Found a hide-covered altar of Uskayaw.
  1544 | D:3      | Found an oddly glowing altar of Pakellas.
  1552 | D:3      | Became a worshipper of Uskayaw the Reveler
  1653 | D:3      | Found a faded altar of an unknown god.
  1994 | D:4      | Found a staircase to the Ecumenical Temple.
  2031 | D:4      | Reached * piety under Uskayaw
  2321 | D:4      | Reached ** piety under Uskayaw
  2330 | D:4      | HP: 2/42 [orc wizard/puff of frost (7)]
  2338 | D:4      | HP: 2/42 [poisoned by an adder]
  2348 | Temple   | Entered the Ecumenical Temple
  2945 | D:4      | Got a pair of slimy gloves
  2949 | D:4      | Identified the +0 pair of gloves "Uvurchud" {Str+4 Int+3} (You found it on level 4 of the Dungeon)
  2961 | D:4      | Found an oddly glowing altar of Pakellas.
  2979 | D:4      | Reached skill level 1 in Invocations
  2979 | D:4      | Reached XP level 6. HP: 19/48 MP: 6/6
  3210 | D:4      | Found a snail-covered altar of Cheibriados.
  3310 | D:5      | Entered Level 5 of the Dungeon
  3379 | D:5      | Noticed an ogre
  3394 | D:5      | Killed an ogre
  3394 | D:5      | Reached XP level 7. HP: 22/54 MP: 1/8
  3589 | D:5      | Found a shattered altar of Ashenzari.
  3651 | D:5      | Reached skill level 5 in Shields
  3803 | D:5      | Reached *** piety under Uskayaw
  4051 | D:5      | Reached skill level 5 in Axes
  4055 | D:5      | Reached XP level 8. HP: 25/61 MP: 1/10
  4636 | D:6      | Found a white marble altar of Elyvilon.
  4796 | D:6      | Noticed Edmund
  4807 | D:6      | Killed Edmund
  4807 | D:6      | Reached skill level 5 in Armour
  5200 | D:6      | Noticed Prince Ribbit
  5215 | D:6      | Killed Prince Ribbit
  5215 | D:6      | Reached XP level 9. HP: 44/67 MP: 12/12
  5508 | D:6      | Reached skill level 5 in Invocations
  5802 | D:7      | Noticed Menkaure
  5805 | D:7      | Killed Menkaure
  5805 | D:7      | Reached skill level 5 in Fighting
  6105 | D:7      | Found a basalt altar of Yredelemnul.
  6127 | D:7      | Gained mutation: Scrolls take you a little longer to read. [mutagenic meat]
  6128 | D:7      | Gained mutation: You are agile. (Dex +2) [mutagenic meat]
  6129 | D:7      | Lost mutation: You are agile. (Dex +2) [mutagenic meat]
  6130 | D:7      | Gained mutation: Your magical capacity is low. (-10% MP) [mutagenic meat]
  6135 | D:7      | Lost mutation: Your magical capacity is low. (-10% MP) [potion of cure mutation]
  6135 | D:7      | Lost mutation: Scrolls take you a little longer to read. [potion of cure mutation]
  6520 | D:8      | Noticed Erica
  6530 | D:8      | Reached XP level 10. HP: 60/74 MP: 14/14
  6547 | D:8      | Killed from afar by Erica

Vault maps used:
D:1:      saegor_arrival_simple_c
D:2:      uniq_terence
D:3:      lightli_temple_of_fire, okawaru_metal_pillars_1_2,
          grunt_temple_overflow_open, ecumenical_altar_2, grunt_ministairs_2
D:4:      kennysheep_mini, minmay_temple_entry_junction2, grunt_pakellas_mercury
D:5:      lemuel_ratsnest, nicolae_ashenzari_panopticon, first_bread
D:6:      lemuel_round_altar, uniq_prince_ribbit1, uniq_edmund
D:7:      yredelemnul_altar_generic, uniq_menkaure
D:8:      lemuel_upstairs_altar, uniq_erica, uniq_joseph
Temple:   minmay_temple_forest_path_12

Skill      XL: |  1  2  3  4  5  6  7  8  9 |
---------------+----------------------------+-----
Shields        | 4 5 6 7 |  7.6
Dodging        | 1 2 4 |  4.9
Axes           | 3 4 5 6 7 |  7.1
Armour         | 4 5 |  5.7
Fighting       | 4 5 |  5.1
Invocations    | 1 2 3 4 6 |  6.0

Action                   |  1- 3 |  4- 6 |  7- 9 | 10-12 || total
-------------------------+-------+-------+-------+-------++-------
Melee: War axe           |   105 |   214 |   345 |     9 ||   673
Invok: Stomp             |       |     6 |    22 |     2 ||    30
       Line Pass         |       |       |     1 |       ||     1
 Abil: Dig               |       |     1 |     1 |       ||     2
  Use: Scroll            |       |     3 |     3 |       ||     6
       Potion            |       |       |     2 |       ||     2
 Stab: Paralysed         |       |       |     1 |       ||     1
  Eat: Chunk             |       |     9 |    18 |       ||    27
Armor: Scale mail        |    61 |    97 |     8 |       ||   166
       Ring mail         |       |       |   137 |       ||   137
Dodge: Dodged            |    37 |    81 |   160 |     5 ||   283
Block: Shield            |    72 |   138 |   233 |     1 ||   444
